AoeStats
← SNOWMAN

Arena

510504908Analyzed
1v1 RM · 1d ago on Oct 1, 2026· 48m 5s· 2 players
Game mode
Random Map
Map size
Tiny (2 player)
Population
200
Speed
Normal
Resources
Standard
Victory
Conquest
Starting age
Dark Age
Ending age
Imperial Age
RankedLock teamsTeams togetherTeam positionsShared explorationLock speedFull tech treeHidden civsTurbo modeCheats
Victory
Defeat
🇮🇹 Poles · Italy
1277
+15
🇵🇪 Bohemians · Peru
1247
-15
TRITON
10:51 Feudal Age
15:41 Castle Age
14:01 Double-Bit Axe
14:26 Horse Collar
14:45 Town Watch
28:48 Imperial Age
26:05 Loom
26:25 Squires
27:35 Chemistry
26:17 Pikeman
26:58 Scale Mail Armor
27:32 Forging
27:58 Chain Mail Armor
29:57 Conscription
30:46 Murder Holes
33:33 Padded Archer Armor
33:24 Fletching
34:04 Plate Mail Armor
34:10 Iron Casting
34:26 Halberdier
34:52 Arson
37:05 Man-at-Arms
41:29 Ballistics
42:10 Blast Furnace
41:01 Long Swordsman
42:06 Bodkin Arrow
42:26 Leather Archer Armor
42:07 Two-Handed Swordsman
SNOWMAN
10:20 Feudal Age
11:36 Double-Bit Axe
14:24 Castle Age
13:19 Horse Collar
15:29 Bow Saw
15:21 Heavy Plow
17:47 Town Watch
17:49 Loom
19:59 Heavy Plow
20:30 Pikeman
21:47 Light Cavalry
22:43 Bloodlines
24:49 Wheelbarrow
24:32 Town Patrol
24:43 Husbandry
26:36 Scale Barding Armor
26:42 Forging
26:52 Szlachta Privileges
29:40 Chain Barding Armor
29:57 Scale Mail Armor
30:33 Iron Casting
31:23 Fletching
31:49 Chain Mail Armor
34:57 Imperial Age
33:07 Fletching
33:18 Padded Archer Armor
33:46 Bodkin Arrow
34:47 Leather Archer Armor
36:01 Bracer
37:02 Blast Furnace
35:24 Cavalier
36:54 Plate Mail Armor
36:04 Elite Skirmisher
38:35 Chemistry
38:11 Conscription
39:05 Ballistics
41:04 Thumb Ring
43:12 Bombard Tower
43:46 Masonry
43:32 Murder Holes
46:02 Fortified Wall
46:49 Winged Hussar
Connection lost

Rejoining the realm…

Still unreachable

The connection could not be restored.

Session expired

The server has moved on; the page needs a fresh start.